 Dungeon Crawl Stone Soup version 0.28-a0-932-g843f935a50 (webtiles) character file.

Game seed: 7233882562034339396

4496 Anon1729 the Frost Mage (level 10, 0/60 (63) HPs)
             Began as a Demonspawn Ice Elementalist on Nov 27, 2021.
             Was a Believer of Cheibriados.
             Slain by a soul eater (14 damage)
             ... summoned by a kobold demonologist
             ... on level 8 of the Dungeon.
             The game lasted 00:26:24 (12255 turns).

Anon1729 the Frost Mage (DsIE)                     Turns: 12255, Time: 00:26:24

HP:   0/60 (63)     AC:  6    Str: 13    XL:     10   Next: 16%
MP:   12/19         EV: 16    Int: 25    God:    Cheibriados [**....]
Gold: 1285          SH:  0    Dex: 19    Spells: 10/21 levels left

rFire   . . .      SeeInvis .   q - +3 short sword (protect)
rCold   . . .      Faith    .   (no shield)
rNeg    . . .      Spirit   .   a - +0 robe
rPois   .          Reflect  .   (helmet restricted)
rElec   .          Harm     .   r - scarf {repulsion}
rCorr   .          Rampage  .   (no gloves)
Will    .....                   l - +0 pair of boots
Stlth   ++++......              y - amulet of the acrobat
HPRegen 0.20/turn               D - +4 ring of slaying
MPRegen 0.16/turn               (no ring)

@: lightly drained, repel missiles, very slow
A: horns 1, demonic guardian 1, sharp scales 3, condensation shield
a: Renounce Religion, Bend Time


You were on level 8 of the Dungeon.
You worshipped Cheibriados.
Cheibriados was pleased with you.
You visited 2 branches of the dungeon, and saw 9 of its levels.
You also visited: Bailey.

You collected 1285 gold pieces.

Inventory:

Hand Weapons
 c - a +0 dagger
 k - a +1 short sword of protection
 q - a +3 short sword of protection (weapon)
 x - a +0 broad axe
Missiles
 p - 3 throwing nets
Armour
 a - a +0 robe (worn)
 e - a +0 cloak
 l - a +0 pair of boots (worn)
 r - a scarf of repulsion (worn)
 E - the +3 pair of traumaturge's gloves {Infuse+∞, RegenMP, Int-3}
   (You acquired it on level 7 of the Dungeon)

   It empowers its wearer's blows with all of their magic.
   It causes its wearer's magical reserves to regenerate more quickly.
   Int:       It affects your intelligence (-3).
Jewellery
 t - a ring of ice
 y - an amulet of the acrobat (around neck)
 D - a +4 ring of slaying (left hand)
Wands
 v - a wand of paralysis (7)
Scrolls
 d - a scroll of brand weapon
 f - 5 scrolls of teleportation
 h - a scroll of noise
 i - a scroll of fog
 j - a scroll of blinking
 n - 2 scrolls of enchant armour
 u - a scroll of enchant weapon
 w - a scroll of silence
 A - a scroll of amnesia {unknown}
 C - a scroll of immolation {unknown}
Potions
 b - 2 potions of lignification {unknown}
 g - 4 potions of degeneration {unknown}
 m - 3 potions of heal wounds {unknown}
 o - 5 potions of curing
 s - a potion of brilliance {unknown}
 z - a potion of invisibility {unknown}
 B - a potion of attraction {unknown}


   Skills:
 + Level 6.3 Dodging
 + Level 6.8 Stealth
 + Level 6.4 Spellcasting
 * Level 9.4 Ice Magic


You had 10 spell levels left.
You knew the following spells:

 Your Spells              Type           Power      Damage    Failure   Level
a - Freeze                Ice            100%       1d11      1%          1
b - Frozen Ramparts       Ice            100%       1d12      1%          3
c - Ozocubu's Armour      Ice            53%        N/A       1%          3
d - Hailstorm             Conj/Ice       31%        3d8       11%         4

Your spell library contained the following spells:

 Spells                   Type           Power      Damage    Failure   Level
 Tukima's Dance           Hex            8%         N/A       22%         3
 Passage of Golubria      Tloc           8%         N/A       56%         4
 Yara's Violent Unravell  Hex/Tmut       4%         3d4       89%         5


Dungeon Overview and Level Annotations

Branches:
Dungeon (8/15)             Temple (1/1) D:6          Bailey (visited)
   Lair: D:8-11

Altars:
Ashenzari
Cheibriados
Dithmenos
Elyvilon
Fedhas
Gozag
Hepliaklqana
Kikubaaqudgha
Makhleb
Nemelex Xobeh
Okawaru
Qazlal
Ru
Sif Muna
Trog
Uskayaw
Vehumet
Wu Jian
Xom
Yredelemnul
Zin
The Shining One

Shops:
D:3 =


Innate Abilities, Weirdness & Mutations

You have a pair of small horns on your head.
A weak demonic guardian rushes to your aid.
You are completely covered in razor-sharp scales. (AC +3, Slay +3)
A meltable shield of frost defends you. (SH +0)


Message History

The quasit resists.
The wall freezes the quasit.
The quasit resists.
The wall freezes the quasit.
The wall freezes the kobold demonologist!
You kill the kobold demonologist!
Cheibriados thoroughly appreciates the change of pace.
Cheibriados raises the support of your attributes as your movement slows.
The quasit disappears in a puff of smoke!
The iron imp disappears in a puff of smoke!
The shadow imp disappears in a puff of smoke!
The smoke demon disappears in a puff of smoke!
Casting: Freeze (safe; 1% risk of failure)
Confirm with . or Enter, or press ? or * to list all spells.
You can't see any susceptible monsters within range! (Use Z to cast anyway.) Unknown command.
Unknown command.
The wall freezes the kobold brigand!
The kobold brigand throws a poisoned dart.
The poisoned dart misses you.
The wall freezes the kobold brigand!
The wall freezes the kobold!
You kill the kobold!
Cheibriados thoroughly appreciates the change of pace.
The kobold demonologist begins to cast a cantrip, but forgets the words!
The wall freezes the kobold brigand.
You kill the kobold brigand!
Cheibriados thoroughly appreciates the change of pace.
The kobold demonologist looks satisfied for a moment.
The kobold demonologist gestures wildly while chanting.
The kobold demonologist mumbles some strange words.
The soul eater resists.
The wall freezes the soul eater.
Your frozen ramparts will break if you move.
Continue?
The frozen ramparts melt away as you move.
The soul eater hits you!!
* * * LOW HITPOINT WARNING * * *
A demonic guardian appears!
You feel drained.
* * * LOW HITPOINT WARNING * * *
The soul eater completely misses you.
There is a stone staircase leading down, spattered with blood here.
The soul eater hits you!
You die...

. ...## .####..#
...###.####
.....#....####
.............####
........####....#####
.......## #####K))K#
.....#.# #...3##).4KK
.....#.# #..5@# #4.
....##.# ##..##
....##.# ####
...###.###
..####.#.## ..
#.#...# .# #.....##
##......## #........#


You could see a soul eater (summoned, ally target), a kobold demonologist and a
friendly iron imp (summoned).

Vanquished Creatures
  An orc knight (Bailey)
  3 kobold demonologists
  A hornet (D:6)
  Duvessa (D:5)
  A water moccasin (D:7)
  A necrophage (D:6)
  7 orc warriors (Bailey)
  2 sky beasts
  A black bear (D:4)
  A centaur (D:7)
  2 phantoms (D:7)
  3 kobold brigands
  A bullfrog (D:6)
  2 scorpions
  A water moccasin skeleton (D:6)
  Dowan (D:5)
  4 electric eels (Bailey)
  A jelly (D:5)
  2 centaur zombies
  3 gnoll shamans
  An orc priest (D:7)
  2 hounds (D:5)
  A centaur skeleton (D:7)
  2 iguanas
  30 gnolls
  10 adders
  2 shadow imps
  A white imp (D:6)
  An ufetubus (D:7)
  An adder skeleton (D:4)
  2 worms
  A dart slug (D:4)
  16 orcs
  3 endoplasms
  A giant cockroach (D:1)
  15 goblins
  12 hobgoblins
  10 jackals
  12 kobolds
  4 quokkas
  7 ball pythons
  5 bats
  3 frilled lizards
  2 rats
183 creatures vanquished.

Vanquished Creatures (collateral kills)
  A necrophage (D:5)
  A wyvern skeleton (D:6)
2 creatures vanquished.

Grand Total: 185 creatures vanquished

Notes
Turn   | Place    | Note
-------+----------+-------------------------------------------
     0 | D:1      | Anon1729 the Demonspawn Ice Elementalist began the quest
                  | for the Orb.
     0 | D:1      | Reached XP level 1. HP: 13/13 MP: 3/3
   521 | D:1      | Gained mutation: You are partially covered in razor-sharp
                  | scales. (AC +1, Slay +1) [demonic ancestry]
   521 | D:1      | Reached XP level 2. HP: 19/19 MP: 5/5
  1146 | D:2      | Found a faded altar of an unknown god.
  2174 | D:1      | Reached XP level 3. HP: 24/24 MP: 6/6
  2536 | D:3      | Learned a level 3 spell: Frozen Ramparts
  2582 | D:3      | Reached skill level 4 in Ice Magic
  3250 | D:3      | Found Zicein's Jewellery Shoppe.
  3715 | D:4      | Noticed a scorpion
  3726 | D:3      | Killed a scorpion
  3727 | D:3      | Gained mutation: A weak demonic guardian rushes to your
                  | aid. [demonic ancestry]
  3727 | D:3      | Reached XP level 4. HP: 19/30 MP: 2/8
  3861 | D:4      | Gained mutation: You are mostly covered in razor-sharp
                  | scales. (AC +2, Slay +2) [demonic ancestry]
  3861 | D:4      | Reached XP level 5. HP: 21/35 MP: 9/9
  4069 | D:4      | Noticed a black bear
  4191 | D:4      | Killed a black bear
  4192 | D:4      | Reached skill level 5 in Ice Magic
  4192 | D:4      | Gained mutation: You have a pair of small horns on your
                  | head. [demonic ancestry]
  4192 | D:4      | Reached XP level 6. HP: 26/41 MP: 0/10
  4582 | D:5      | Entered Level 5 of the Dungeon
  4587 | D:5      | Learned a level 3 spell: Ozocubu's Armour
  4592 | D:5      | Learned a level 4 spell: Hailstorm
  5081 | D:5      | Reached XP level 7. HP: 46/46 MP: 8/12
  5107 | D:5      | Noticed Duvessa
  5120 | D:5      | Killed Duvessa
  5358 | D:5      | Noticed Dowan
  5393 | D:5      | Killed Dowan
  5394 | D:5      | Reached skill level 6 in Ice Magic
  6099 | D:5      | Found a stormy altar of Qazlal.
  6461 | D:6      | Gained mutation: A meltable shield of frost defends you.
                  | (SH +0) [demonic ancestry]
  6461 | D:6      | Reached XP level 8. HP: 47/52 MP: 14/14
  6537 | D:6      | Noticed a hornet
  6548 | D:6      | Killed a hornet
  6774 | D:6      | Reached skill level 7 in Ice Magic
  6911 | D:6      | Reached skill level 5 in Stealth
  7031 | D:6      | Found a staircase to the Ecumenical Temple.
  7772 | Temple   | Entered the Ecumenical Temple
  8027 | Temple   | Became a worshipper of Cheibriados the Contemplative
  8203 | D:7      | Found a flagged portal.
  8233 | Bailey   | Entered a bailey
  8283 | Bailey   | Found an iron altar of Okawaru.
  8283 | Bailey   | Noticed a kobold demonologist
  8283 | Bailey   | Noticed a kobold demonologist
  8289 | Bailey   | Noticed a hellwing
  8306 | Bailey   | Killed a kobold demonologist
  8307 | Bailey   | Reached skill level 5 in Dodging
  8307 | Bailey   | Reached skill level 5 in Spellcasting
  8307 | Bailey   | Reached XP level 9. HP: 26/57 MP: 3/16
  8312 | Bailey   | Killed a kobold demonologist
  8546 | Bailey   | Noticed an orc knight
  8551 | Bailey   | Reached skill level 8 in Ice Magic
  8555 | Bailey   | Reached * piety under Cheibriados
  8560 | Bailey   | Killed an orc knight
 10307 | Bailey   | Reached skill level 9 in Ice Magic
 11040 | D:7      | Reached ** piety under Cheibriados
 11314 | D:7      | Gained mutation: You are completely covered in razor-sharp
                  | scales. (AC +3, Slay +3) [demonic ancestry]
 11314 | D:7      | Reached XP level 10. HP: 55/63 MP: 19/19
 11873 | D:7      | Acquired a +4 ring of slaying
 11876 | D:7      | Acquired 854 gold pieces
 11878 | D:7      | Acquired the +3 pair of traumaturge's gloves {Infuse+∞,
                  | RegenMP, Int-3}
 11878 | D:7      | Found the +3 pair of traumaturge's gloves {Infuse+∞,
                  | RegenMP, Int-3}
 11880 | D:7      | Acquired a ring of ice
 12241 | D:8      | Noticed a smoke demon
 12252 | D:8      | Noticed a soul eater
 12255 | D:8      | Slain by a soul eater

Illustrated notes

Levels and vault maps discovered:
D:1:      saegor_arrival_miasma, layout_loops_ring
D:2:      layout_basic, chequers_ecumenical_altar_island
D:3:      layout_basic, serial_shops, shop, chequers_serial_rivers_large_a,
          minmay_misc_feat_nine_boxes
D:4:      layout_cave_pools
D:5:      layout_basic, general_overflow_altar, nicolae_fountain_basement,
          uniq_duvessa
D:6:      layout_basic, temple_fountains, chequers_garden,
          hangedman_decor_lopped
D:7:      layout_layer_cave, enter_bailey_3, chequers_decorated_corner
D:8:      minmay_statue_hallways, layout_cave_pods, water_boxes_lemuel
Temple:   compressed_dpeg_circular_temple

Skill      XL: |  1  2  3  4  5  6  7  8  9 |
---------------+----------------------------+-----
Stealth        | 2 3 4 5 6 |  6.8
Dodging        | 2 3 4 5 6 |  6.3
Ice Magic      | 4 5 6 7 9 |  9.4
Spellcasting   | 3 4 5 6 |  6.4

Action                   |  1- 3 |  4- 6 |  7- 9 | 10-12 || total
-------------------------+-------+-------+-------+-------++-------
Melee: Unarmed           |     7 |       |       |       ||     7
       Dagger            |   132 |       |       |       ||   132
       Short sword       |    16 |    60 |   210 |    14 ||   300
       Headbutt          |       |     5 |    38 |     5 ||    48
 Cast: Freeze            |    38 |    15 |    55 |     5 ||   113
       Frozen Ramparts   |     1 |     5 |    16 |     4 ||    26
       Ozocubu's Armour  |       |       |     7 |     1 ||     8
       Hailstorm         |       |       |     1 |       ||     1
  Use: Scroll            |       |       |     9 |     5 ||    14
 Stab: Sleeping          |     4 |     3 |     6 |       ||    13
       Distracted        |       |       |     1 |       ||     1
Armor: Robe              |    74 |    40 |    94 |    16 ||   224
Dodge: Dodged            |   158 |    67 |   195 |    38 ||   458
       Repelled          |       |       |     6 |       ||     6
Block: Other             |       |       |    41 |     6 ||    47

Table legend: (Time is in decaauts)
 A = Elapsed time spent in this place.
 B = Non-inter-level travel time spent in this place.
 C = Inter-level travel time spent in this place.
 D = Time resting spent in this place.
 E = Time spent auto-exploring this place.
 F = Levels seen in this place.
 G = Mean time per level.
                   A        B        C        D        E       F      G
               +--------+--------+--------+--------+--------+-----+--------+
         Total |  13029 |  12649 |    380 |   1783 |   8737 |  10 | 1302.9 |
       Dungeon |  10280 |   9957 |    323 |    795 |   7677 |   8 | 1285.0 |
        Temple |    293 |    236 |     57 |      0 |     81 |   1 |  293.0 |
        Bailey |   2455 |   2455 |      0 |    988 |    979 |   1 | 2455.0 |
               +--------+--------+--------+--------+--------+-----+--------+

Top non-repeatable levels by time:
  Bailey: 2455 daAuts
     D:7: 2318 daAuts
     D:5: 1762 daAuts
     D:1: 1541 daAuts
     D:6: 1447 daAuts
     D:3: 1322 daAuts
     D:2: 983 daAuts
     D:4: 780 daAuts
  Temple: 293 daAuts
     D:8: 125 daAuts
